 Dungeon Crawl Stone Soup version 0.28-a0-1510-gd0f6b136d3 (webtiles) character file.

Game seed: 16645577721984749098

2467 karrick the Cudgeller (level 9, -2/55 HPs)
             Began as a Gargoyle Fighter on Jan 15, 2022.
             Was a Believer of Okawaru.
             Killed by nerve-wracking pain
             ... invoked by an orc priest
              (5 damage)
             ... on level 7 of the Dungeon.
             The game lasted 00:20:55 (7754 turns).

karrick the Cudgeller (Gargoyle Fighter)            Turns: 7754, Time: 00:20:56

Health: -2/55      AC: 19    Str: 19    XL:     9   Next: 51%
Magic:  8/9        EV: 10    Int: 16    God:    Okawaru [**....]
Gold:   173        SH:  5    Dex: 13    Spells: 8/8 levels left

rFire   . . .      SeeInvis .   d - +1 hand axe (elec)
rCold   . . .      Faith    .   c - +0 buckler
rNeg    + . .      Spirit   .   b - +0 scale mail
rPois   ∞          Reflect  .   (no helmet)
rElec   +          Harm     .   (no cloak)
rCorr   .          Rampage  .   (no gloves)
Will    +....                   v - +2 pair of boots
Stlth   ..........              (no amulet)
HPRegen 0.18/turn               l - +6 ring of intelligence
MPRegen 0.11/turn               s - ring of willpower

@: brilliant
A: sickness immunity, AC +6, negative energy resistance 1, electricity
resistance, torment resistance 1, petrification resistance, iridescent scales 1
a: Renounce Religion, Heroism


You were on level 7 of the Dungeon.
You worshipped Okawaru.
Okawaru was pleased with you.
You visited 2 branches of the dungeon, and saw 8 of its levels.
You also visited: Bailey.

You collected 173 gold pieces.

Inventory:

Hand Weapons
 a - a +0 flail of protection
 d - a +1 hand axe of electrocution (weapon)
 n - a +0 war axe
 t - a +1 hand axe of freezing
Armour
 b - a +0 scale mail (worn)
 c - a +0 buckler (worn)
 q - a +1 hat
 v - a +2 pair of boots (worn)
Jewellery
 l - a +6 ring of intelligence (left hand)
 s - a ring of willpower (right hand)
Wands
 o - a wand of flame (14)
Scrolls
 f - a scroll of holy word {unknown}
 g - a scroll of acquirement {unknown}
 h - a scroll of noise
 i - a scroll of brand weapon
 m - a scroll of blinking
 w - a scroll of fear {unknown}
 x - a scroll of identify {unknown}
Potions
 e - a potion of brilliance
 r - 2 potions of cancellation


   Skills:
 + Level 6.2 Fighting
 + Level 3.6(5.5) Axes
 + Level 7.0(7.5) Maces & Flails
 + Level 7.0 Armour
 + Level 3.1 Dodging
 + Level 1.5 Stealth
 + Level 5.5 Shields
 + Level 0.9 Evocations


You had 8 spell levels left.
You didn't know any spells.
Your spell library contained the following spells:

 Spells                   Type           Power      Damage    Failure   Level
 Apportation              Tloc           0%         N/A       65%         1
 Summon Mana Viper        Hex/Summ       Unusable   N/A       N/A         5

Dungeon Overview and Level Annotations

Branches:
Dungeon (7/15)             Temple (1/1) D:5          Bailey (visited)

Altars:
Ashenzari
Dithmenos
Fedhas
Gozag
Hepliaklqana
Kikubaaqudgha
Nemelex Xobeh
Okawaru
Qazlal
Ru
Sif Muna
Vehumet
Yredelemnul
Zin
The Shining One

Shops:
D:2 (   D:4 :

Annotations:
D:6 Dowan, Duvessa


Innate Abilities, Weirdness & Mutations

You are immune to sickness and miasma.
Your stone body is resilient. (AC +6)
You are immune to poison.
You resist negative energy. (rN+)
You are resistant to electric shocks. (rElec)
You are resistant to unholy torment.
You are immune to petrification.
You are partially covered in iridescent scales. (AC +2)


Message History

You block the scorpion's attack.
You feel like a meek peon again. The scorpion closely misses you.
You barely miss the scorpion.
The scorpion is severely wounded.
The scorpion stings you but does no damage.
Okay, then.
You hit the scorpion.
The scorpion is almost dead.
The scorpion stings you.
* * * LOW HITPOINT WARNING * * *
It was a potion of brilliance.
You feel clever all of a sudden. The scorpion barely misses you.
As you read the scroll labelled LIUCLYUCVO, it crumbles to dust.
You hear a loud clanging noise!
It was a scroll of noise.
You hear a shout! x5; You hear a loud, deep croak!
You hear a shout!
You hear an angry hiss.
The scorpion barely misses you.
The scorpion stings you but does no damage.
Unknown command.
Unknown command.
Really read the scroll of noise?
Okay, then.
As you read the scroll labelled KIEGYNN QU KAOKK, it crumbles to dust.
It is a scroll of brand weapon.
Your +0 flail projects an invisible shield of force!
a - a +0 flail of protection The scorpion stings you.
* * * LOW HITPOINT WARNING * * *
Blink to where?
Press: ? - help, Dir - move target An ufetubus comes into view.
As you read the scroll labelled ZUYPEFRYSU, it crumbles to dust.
It was a scroll of blinking.
The orc priest shouts!
The orc shouts!
The ufetubus shouts!
You hear a croak.
The orc priest mumbles some strange prayers to Beogh against you.
Pain shoots through your body!
You die...

..#.....#...##...#
..........F.##...#
.##.......F..#.?.#
..........#S.....#
...F.....#####..##
........## ##...######
........# #.....#)<.##
....S...####..........#
..##..........o.@.....#
.#........F.#.o5....oo###
...#........#...#....s.§#
.#.#..##........#.....###
##.#..# ....##........# .
.. .....?...# .
...#.....## ....#.###.#
#. ..


You could see an orc warrior, a bullfrog, a scorpion, an orc priest, 2 orcs and
an ufetubus.

Vanquished Creatures
  Prince Ribbit (Bailey)
  5 humans (Bailey)
  An ice beast (D:5)
  A black bear (D:4)
  A phantom (D:5)
  A scorpion (D:4)
  10 bullfrogs (Bailey)
  2 water moccasin skeletons
  A howler monkey (D:5)
  A centaur zombie (D:7)
  A gnoll shaman (D:4)
  2 hounds
  2 orc priests (D:4)
  A centaur skeleton (D:5)
  2 iguanas
  Natasha (thrice) (D:3)
  An orc wizard (D:4)
  A hound skeleton (D:4)
  A hound zombie (D:5)
  5 gnolls
  An ufetubus (D:4)
  2 dart slugs (D:4)
  10 orcs
  5 ball pythons
  4 endoplasms
  5 giant cockroaches
  7 goblins
  6 hobgoblins
  6 jackals
  2 quokkas (D:1)
  5 bats
  2 frilled lizards
  10 kobolds
  4 rats
112 creatures vanquished.

Vanquished Creatures (others)
  4 fungi (D:3)
  3 plants (D:3)
7 creatures vanquished.

Grand Total: 119 creatures vanquished

Notes
Turn   | Place    | Note
-------+----------+-------------------------------------------
     0 | D:1      | karrick the Gargoyle Fighter began the quest for the Orb.
     0 | D:1      | Reached XP level 1. HP: 14/14 MP: 1/1
   402 | D:1      | Reached XP level 2. HP: 17/19 MP: 2/2
  1203 | D:1      | Reached XP level 3. HP: 22/23 MP: 3/3
  1271 | D:1      | Found a faded altar of an unknown god.
  1782 | D:2      | Found Wotoe's Weapon Emporium.
  2750 | D:3      | Noticed Natasha
  2750 | D:3      | Found a shimmering blue altar of Sif Muna.
  2855 | D:3      | Killed Natasha
  2856 | D:3      | Reached XP level 4. HP: 19/28 MP: 4/4
  3086 | D:3      | Noticed Natasha
  3123 | D:3      | Killed Natasha
  3178 | D:3      | Found a blossoming altar of Fedhas.
  3188 | D:3      | Noticed Natasha
  3197 | D:3      | Killed Natasha
  3198 | D:3      | Reached XP level 5. HP: 20/32 MP: 5/5
  3342 | D:3      | Got the Tome of Curses and the Traveller
  3667 | D:4      | Reached skill level 1 in Dodging
  4003 | D:4      | Reached XP level 6. HP: 12/38 MP: 6/6
  4992 | D:4      | Found Peolemny's Book Shoppe.
  5398 | D:5      | Entered Level 5 of the Dungeon
  5419 | D:5      | Noticed a black bear
  5430 | D:5      | Reached skill level 1 in Stealth
  5443 | D:4      | Reached skill level 5 in Maces & Flails
  5443 | D:4      | Reached XP level 7. HP: 33/43 MP: 7/7
  5531 | D:4      | Reached skill level 5 in Armour
  6137 | D:5      | Reached XP level 8. HP: 36/48 MP: 8/8
  6201 | D:5      | Noticed a two-headed ogre
  6268 | D:5      | Found a staircase to the Ecumenical Temple.
  6274 | Temple   | Entered the Ecumenical Temple
  6478 | Temple   | Became a worshipper of Warmaster Okawaru
  6552 | D:6      | Noticed Duvessa
  6555 | D:6      | Noticed Dowan
  6590 | D:7      | Found a flagged portal.
  6764 | Bailey   | Entered a bailey
  6901 | Bailey   | Reached skill level 5 in Fighting
  6998 | Bailey   | Gained mutation: Your magical capacity is low. (-10% MP)
                  | [potion of mutation]
  6998 | Bailey   | Gained mutation: You are partially covered in iridescent
                  | scales. (AC +2) [potion of mutation]
  6998 | Bailey   | Lost mutation: Your magical capacity is low. (-10% MP)
                  | [potion of mutation]
  7006 | Bailey   | Reached skill level 1 in Axes
  7006 | Bailey   | Reached skill level 5 in Shields
  7006 | Bailey   | Reached * piety under Okawaru
  7011 | Bailey   | Reached XP level 9. HP: 14/55 MP: 9/9
  7384 | Bailey   | Reached ** piety under Okawaru
  7426 | Bailey   | Noticed Prince Ribbit
  7448 | Bailey   | Killed Prince Ribbit
  7597 | Bailey   | Noticed a vault guard
  7754 | D:7      | Killed from afar by an orc priest

Illustrated notes

Levels and vault maps discovered:
D:1:      lightli_arrival_lavapool, layout_loops_ring,
          hellmonk_ecumenical_altar_leap_of_faith,
          nicolae_concentric_dashed_squares_mild, grunt_decor_one_mirror
D:2:      minmay_kobold_bridge, layout_basic, serial_shops, shop,
          serial_bayou_crossing
D:3:      layout_rooms, mainiacjoe_overflow_concentric_impassable,
          fedhas_altar_3, uniq_natasha
D:4:      layout_loops_corners, serial_shops, nicolae_shop_trees,
          minmay_statues_item
D:5:      minmay_recursive_quarters, layout_basic,
          nicolae_overflow_crystal_walls, gammafunk_temple_overflow_wave,
          kennysheep_slug_shrine, minmay_temple_entry_hall,
          minmay_misc_feat_diagonals, uniq_crazy_yiuf_cottage
D:6:      layout_layer_cave, mainiacjoe_overflow_catwalk, uniq_duvessa
D:7:      layout_cave_pools, tgw_trog, elyvilon_altar_3, enter_bailey_2
Temple:   nicolae_temple_figure_eight

Skill      XL: |  1  2  3  4  5  6  7  8  9 |
---------------+----------------------------+-----
Maces & Flails | 3 4 5 6 7 |  7.0
Armour         | 4 5 6 7 |  7.0
Shields        | 4 5 |  5.5
Dodging        | 1 2 3 |  3.1
Fighting       | 4 5 6 |  6.2
Stealth        | 1 |  1.5
Axes           | 2 3 |  3.6
Evocations     | |  0.9

Action                   |  1- 3 |  4- 6 |  7- 9 || total
-------------------------+-------+-------+-------++-------
Melee: Flail             |   149 |   140 |   108 ||   397
       Hand axe          |       |       |   103 ||   103
Invok: Heroism           |       |       |     2 ||     2
Evoke: Wand              |       |       |     6 ||     6
  Use: Potion            |       |     1 |     8 ||     9
       Scroll            |       |       |     9 ||     9
Armor: Scale mail        |   108 |    65 |   156 ||   329
Dodge: Dodged            |    76 |    66 |   122 ||   264
Block: Buckler           |    29 |    26 |    63 ||   118

Table legend: (Time is in decaauts)
 A = Elapsed time spent in this place.
 B = Non-inter-level travel time spent in this place.
 C = Inter-level travel time spent in this place.
 D = Time resting spent in this place.
 E = Time spent auto-exploring this place.
 F = Levels seen in this place.
 G = Mean time per level.
                   A        B        C        D        E       F      G
               +--------+--------+--------+--------+--------+-----+--------+
         Total |   7887 |   7762 |    125 |   1642 |   4641 |   9 |  876.3 |
       Dungeon |   6734 |   6620 |    114 |   1059 |   4439 |   7 |  962.0 |
        Temple |    216 |    205 |     11 |      0 |    202 |   1 |  216.0 |
        Bailey |    936 |    936 |      0 |    583 |      0 |   1 |  936.0 |
               +--------+--------+--------+--------+--------+-----+--------+

Top non-repeatable levels by time:
     D:4: 2277 daAuts
     D:1: 1599 daAuts
     D:2: 1330 daAuts
  Bailey: 936 daAuts
     D:3: 884 daAuts
     D:5: 357 daAuts
     D:7: 243 daAuts
  Temple: 216 daAuts
     D:6: 42 daAuts
